 Dungeon Crawl Stone Soup version 0.31-a0-246-g8cbcc1cb85 (webtiles) character file.

Game seed: 6836470045707837865

49410 Dittersdorf the Blocker (level 14, -3/96 HPs)
             Began as a Gargoyle Fighter on July 12, 2023.
             Was a High Priest of Okawaru.
             Slain by an orc knight
             ... wielding a +0 bardiche
              (7 damage)
             ... while paralysed by an orc sorcerer
             ... on level 2 of the Orcish Mines.
             The game lasted 00:35:48 (18070 turns).

Dittersdorf the Blocker (Gargoyle Fighter)         Turns: 18070, Time: 00:35:49

Health: -3/96      AC: 38    Str: 30    XL:     14   Next: 50%
Magic:  12/14      EV:  2    Int: 10    God:    Okawaru [*****.]
Gold:   1988       SH:  0    Dex:  9    Spells: 13/13 levels left

rFire   + . .        D - +4 flail (freeze)
rCold   . . .        c - +0 buckler
rNeg    + . .        M - +1 plate armour {rC+}
rPois   ∞            b - +1 helmet "Ducul" {Regen+}
rElec   +            B - +2 cloak of the Thief {*Fog Slay-2 SInv Stlth+}
rCorr   .            (no gloves)
SInv    +            y - +0 pair of boots
Will    +....        J - amulet of regeneration Stlth
                     v - ring of fire
HPRegen 1.96/turn    w - +6 ring of strength
MPRegen 0.14/turn

%: no passive effects
@: paralysed, heroic, spiked, flying
A: sickness immunity, AC +10, big wings, negative energy resistance 1,
electricity resistance, torment resistance 1, petrification resistance
a: Renounce Religion, Heroism, Finesse, Duel


You were on level 2 of the Orcish Mines.
You worshipped Okawaru.
Okawaru was extremely pleased with you.
You visited 4 branches of the dungeon, and saw 18 of its levels.
You also visited: Volcano.

You collected 1988 gold pieces.

Inventory:

Hand Weapons
 D - a +4 flail of freezing (weapon)
 E - a +1 heavy morningstar
Missiles
 n - 4 curare-tipped darts (quivered)
 A - a throwing net
Armour
 b - the +1 helmet "Ducul" (worn) {Regen+}
   (You found it on level 3 of the Lair of Beasts)

   Regen:     It increases your rate of health regeneration.
 c - a +0 buckler (worn)
 k - a +2 chain mail of fire resistance
 u - the +5 fire dragon scales "Mefuut" {rF++ rC- Int+3}
   (Okawaru gifted it to you on level 2 of the Orcish Mines)

   Int:       It affects your intelligence (+3).
   rF:        It greatly protects you from fire.
   rC:        It makes you vulnerable to cold.
 y - a +0 pair of boots (worn)
 B - the +2 cloak of the Thief (worn) {*Fog Slay-2 SInv Stlth+}
   (Okawaru gifted it to you on level 5 of the Lair of Beasts)

   *Fog:      It may release a thick cloud of smoke when the wearer is hurt.
   Slay:      It affects your accuracy & damage with ranged weapons and melee
   (-2).
   SInv:      It lets you see invisible.
   Stlth:     It makes you more stealthy.
 M - a +1 plate armour of cold resistance (worn)
Jewellery
 o - a +5 ring of evasion
 s - a ring of see invisible
 v - a ring of fire (left hand)
 w - a +6 ring of strength (right hand)
 J - an amulet of regeneration (around neck)
Wands
 t - a wand of flame (30)
 z - a wand of quicksilver (12)
 F - a wand of paralysis (6)
 G - a wand of digging (1)
Scrolls
 g - 4 scrolls of teleportation
 j - a scroll of fog
 l - 7 scrolls of enchant armour
 p - 2 scrolls of enchant weapon
 x - 5 scrolls of fear
 I - 4 scrolls of poison
Potions
 a - 2 potions of cancellation
 d - 2 potions of might
 e - 3 potions of mutation
 f - 2 potions of curing
 h - 2 potions of magic
 i - 3 potions of degeneration {unknown}
 m - 4 potions of heal wounds
 q - 6 potions of brilliance
 r - 2 potions of enlightenment
 C - a potion of resistance
 H - a potion of ambrosia
 K - 3 potions of haste


   Skills:
 + Level 14.1(19.1) Fighting
 + Level 12.8(17.8) Maces & Flails
 + Level 14.1(19.1) Armour
 + Level 14.1(19.1) Shields


You had 13 spell levels left.
You didn't know any spells.
Your spell library contained the following spells:

 Spells                   Type           Power      Damage    Failure   Level
 Foxfire                  Conj/Fire      0%         2x1d4     86%         1
 Kiss of Death            Conj/Necr      0%         2d5       86%         1
 Magic Dart               Conj           0%         1d3       86%         1
 Blink                    Tloc           0%         N/A       95%         2
 Confusing Touch          Hex            0%         N/A       99%         3
 Dazzling Flash           Conj/Hex       0%         N/A       99%         3
 Gell's Gravitas          Tloc           0%         N/A       99%         3
 Hailstorm                Conj/Ice       0%         3d3       99%         3
 Ignite Poison            Fire/Tmut/Pois 0%         N/A       99%         3
 Inner Flame              Hex/Fire       0%         N/A       99%         3
 Portal Projectile        Hex/Tloc       0%         N/A       99%         3
 Teleport Other           Tloc           0%         N/A       99%         3
 Vhi's Electric Charge    Tloc/Air       0%         N/A       99%         3
 Dispel Undead            Necr           0%         3d6       100%        4
 Leda's Liquefaction      Hex/Erth       0%         N/A       100%        4
 Manifold Assault         Tloc           0%         N/A       100%        4
 Sticky Flame             Conj/Fire      0%         2d3       100%        4
 Agony                    Necr           0%         N/A       100%        5
 Iskenderun's Battlesphe  Conj           0%         2d6       100%        5
 Lee's Rapid Deconstruct  Erth           0%         3d4*      100%        5
 Silence                  Hex/Air        0%         N/A       100%        5
 Dispersal                Tloc           0%         N/A       100%        6
 Leda's Unmaking          Conj/Erth      0%         9d1       100%        6
 Plasma Beam              Fire/Air       0%         2x1d10    100%        6
 Starburst                Conj/Fire      0%         6d3       100%        6
 Ignition                 Fire           0%         3d3       100%        8
 Call Canine Familiar     Summ           Unusable   N/A       N/A         3
 Summon Ice Beast         Ice/Summ       Unusable   N/A       N/A         4
 Summon Mana Viper        Hex/Summ       Unusable   N/A       N/A         5
 Simulacrum               Ice/Necr       Unusable   N/A       N/A         6
 Monstrous Menagerie      Summ           Unusable   N/A       N/A         7

Dungeon Overview and Level Annotations

Branches:
Dungeon (10/15)            Temple (1/1) D:6            Lair (5/5) D:10
  Swamp (0/4) Lair:2        Snake (0/4) Lair:2        Slime (0/5) Lair:5
    Orc (2/2) D:10            Elf (0/3) Orc:2       Volcano (visited)

Altars:
Ashenzari
Cheibriados
Dithmenos
Elyvilon
Fedhas
Gozag
Hepliaklqana
Kikubaaqudgha
Makhleb
Nemelex Xobeh
Okawaru
Qazlal
Ru
Sif Muna
Trog
Uskayaw
Vehumet
Wu Jian
Xom
Yredelemnul
Zin
The Shining One
Jiyva
Lugonu

Portals:
Abyss: Lair:5

Annotations:
D:3 2 transporters
Lair:3 2 transporters
Lair:4 1 runed translucent door, Zoekh's ghost, journeyman DsCK


Innate Abilities, Weirdness & Mutations

You are immune to sickness and miasma.
Your stone body is resilient. (AC +10)
You are immune to poison.
Your large and strong wings let you fly.
You resist negative energy. (rN+)
You are resistant to electric shocks. (rElec)
You are resistant to unholy torment.
You are immune to petrification.


Message History

The orc sorcerer hits you but does no damage.
You bludgeon the orc knight!! You freeze the orc knight.
The orc knight is heavily wounded.
You block the red devil's attack.
You feel better. The orc hits you but does no damage.
You block the orc knight's attack. The orc sorcerer closely misses you.
You block the orc knight's attack.
The red devil hits you from afar with a +0 trident.
Barbed spikes become lodged in your body.
An orc warrior and an orc high priest come into view.
You feel better.
The orc warrior shouts!
The orc high priest shouts!
The orc barely misses you. The orc knight closely misses you.
You block the orc sorcerer's attack.
The orc knight hits you from afar with a +0 bardiche!
* * * LOW HITPOINT WARNING * * *
The orc sorcerer hits you but does no damage.
The red devil hits you from afar with a +0 trident.
* * * LOW HITPOINT WARNING * * *
Barbed spikes become lodged in your body.
You feel better.
The orc sorcerer no longer looks unusually strong.
The orc high priest no longer looks unusually strong.
The orc hits you but does no damage.
The orc sorcerer casts a spell.
The orc knight roars a battlecry!
The orcs go into a battle-frenzy!
You block the orc sorcerer's attack.
The orc knight hits you but does no damage.
The orc sorcerer points at you and mumbles some strange words.
You suddenly lose the ability to move!
The red devil barely misses you.
An orc priest comes into view. It is wielding a +0 mace.
The orc hits you but does no damage.
The orc wizard casts a spell.
The orc wizard flickers and vanishes for a moment.
The orc knight hits you with a +0 great sword!!
* * * LOW HITPOINT WARNING * * *
With a swish of your cloak, you release a cloud of fog.
The orc sorcerer hits you but does no damage. x2
The orc knight hits you from afar with a +0 bardiche!
You die...

###.................###
##...#.............#.
....#..........#....
...................
................. #####
.......... ###4§§##
...........
##4oo§..##...........
#.oo@§...##..........
#..ooo##....#..........
#..oo# ##...##.......##
#...oo #....#.........
÷.÷÷o ##...........#.
..... #.......^.....
.... #...........).
.... #.............
###......)).....


You could see 3 orc knights, an orc high priest (strong), a chaos spawn
(summoned), 3 orc sorcerers, a red devil (summoned), an orc warrior (strong), 2
orc priests, an orc wizard (strong, invisible) and an orc (strong).

Vanquished Creatures
  3 hydras
  A two-headed ogre (D:9)
  8 death yaks
  A boulder beetle (Lair:3)
  4 thrashing horrors (Lair:5)
  2 orc high priests (Orc:2)
  Pikel (D:4)
  2 orc knights (Orc:2)
  An orc sorcerer (Volcano)
  An ugly thing (Volcano)
  2 large abominations (Lair:5)
  13 elephants
  6 black mambas
  4 smoke demons
  10 cane toads
  2 rime drakes
  5 komodo dragons
  3 ancient zymes (Lair:5)
  3 trolls
  18 blink frogs
  Grinder (D:6)
  5 dream sheep
  3 polar bears
  Sigmund (D:5)
  3 ynoxinuls (Lair:5)
  2 spriggans (Lair:5)
  2 wyverns
  A shadow (D:10)
  5 basilisks
  18 yaks
  A steam dragon (D:6)
  2 chaos spawn (Lair:5)
  3 nagas (Lair:2)
  7 wargs
  An acid dragon (D:10)
  4 hell hounds
  9 water moccasins
  A hornet zombie (D:7)
  2 black bears
  16 orc warriors
  3 ice beasts
  4 ogres
  19 wolves
  2 centaurs
  A lemure (D:4)
  3 phantoms
  2 kobold brigands
  11 small abominations (Lair:5)
  14 bullfrogs
  A scorpion (D:4)
  3 gnoll sergeants
  A wyvern zombie (D:7)
  14 wights
  5 killer bees (D:7)
  4 howler monkeys
  4 electric eels (Lair:4)
  A centaur zombie (D:7)
  6 jellies
  4 hounds
  19 orc priests
  2 sleepcaps
  Terence (D:3)
  2 iguanas
  21 orc wizards
  11 hell rats
  4 killer bee zombies (D:7)
  15 gnolls
  7 adders
  A shadow imp (D:7)
  2 white imps
  2 worms
  2 dart slugs
  60 orcs
  7 ball pythons
  7 endoplasms
  A giant cockroach (D:3)
  4 goblins
  7 hobgoblins
  5 jackals
  13 kobolds
  4 quokkas
  5 bats
  3 frilled lizards
  6 rats
  A butterfly (Lair:5)
491 creatures vanquished.

Vanquished Creatures (others)
  An orc (Orc:1)
  A butterfly (Lair:5)
2 creatures vanquished.

Grand Total: 493 creatures vanquished

Notes
Turn   | Place    | Note
-------+----------+-------------------------------------------
     0 | D:1      | Dittersdorf the Gargoyle Fighter began the quest for the
                  | Orb.
     0 | D:1      | Reached XP level 1. HP: 14/14 MP: 1/1
   196 | D:1      | Reached XP level 2. HP: 19/19 MP: 2/2
   556 | D:1      | Reached XP level 3. HP: 24/24 MP: 3/3
  1257 | D:2      | Reached XP level 4. HP: 29/29 MP: 4/4
  1765 | D:3      | Found a transporter.
  1831 | D:3      | Noticed Terence
  1848 | D:3      | Killed Terence
  1849 | D:3      | Reached XP level 5. HP: 19/33 MP: 5/5
  2232 | D:3      | Found a transporter.
  2411 | D:3      | Found a faded altar of an unknown god.
  2540 | D:3      | Found a sacrificial altar of Ru.
  2573 | D:3      | Found a bloodstained altar of Trog.
  2723 | D:3      | Found a basalt altar of Yredelemnul.
  2783 | D:4      | Got the Octavo of Burning Fulmination
  2837 | D:4      | Noticed a lemure
  2837 | D:4      | Noticed a lemure
  2851 | D:4      | Killed a lemure
  3137 | D:4      | Noticed a phantom
  3145 | D:4      | Killed a phantom
  3146 | D:4      | Reached XP level 6. HP: 35/39 MP: 6/6
  3381 | D:4      | Noticed Pikel
  3393 | D:4      | Killed Pikel
  3394 | D:4      | Reached skill level 5 in Fighting
  3394 | D:4      | Reached skill level 5 in Armour
  3394 | D:4      | Reached skill level 5 in Shields
  3394 | D:4      | Reached XP level 7. HP: 44/44 MP: 7/7
  3577 | D:4      | Reached XP level 8. HP: 42/51 MP: 8/8
  3748 | D:4      | Found a broken altar of Ashenzari.
  3823 | D:4      | Found a blossoming altar of Fedhas.
  3980 | D:5      | Entered Level 5 of the Dungeon
  4121 | D:5      | Reached skill level 5 in Maces & Flails
  4342 | D:5      | Noticed Sigmund
  4569 | D:5      | Killed Sigmund
  5319 | D:6      | Noticed a yak
  5320 | D:6      | Noticed a yak
  5321 | D:6      | Noticed a yak
  5324 | D:6      | Noticed a yak
  5326 | D:6      | Noticed a yak
  5328 | D:6      | Killed a yak
  5329 | D:6      | Reached XP level 9. HP: 54/57 MP: 9/9
  5641 | D:6      | Found a white marble altar of Elyvilon.
  5814 | D:6      | Found a shadowy altar of Dithmenos.
  5891 | D:6      | Noticed Grinder
  5893 | D:6      | Paralysed by Grinder for 3 turns
  5898 | D:6      | Paralysed by Grinder for 5 turns
  5916 | D:6      | Killed Grinder
  6153 | D:6      | Found a staircase to the Ecumenical Temple.
  6175 | Temple   | Entered the Ecumenical Temple
  6691 | D:7      | Identified the +5 chain mail of Gozag, Growing {rElec}
  6735 | D:7      | Reached XP level 10. HP: 64/64 MP: 10/10
  7841 | D:8      | Found a glowing silver altar of Zin.
  7863 | D:8      | Found a shimmering altar of Xom.
  7874 | D:8      | Found a stormy altar of Qazlal.
  8005 | D:8      | HP: 1/65 [orc priest/divine providence (14)]
  8287 | D:8      | Found an iron altar of Okawaru.
  8290 | D:8      | Became a worshipper of Warmaster Okawaru
  8391 | D:9      | Noticed a two-headed ogre
  8406 | D:9      | Killed a two-headed ogre
  9021 | D:9      | Reached * piety under Okawaru
  9648 | D:9      | Found a hide-covered altar of Uskayaw.
  9882 | D:10     | Entered Level 10 of the Dungeon
  9970 | D:10     | Reached XP level 11. HP: 55/71 MP: 11/11
 10059 | D:10     | Found a staircase to the Orcish Mines.
 10094 | D:10     | Found a staircase to the Lair.
 10272 | D:9      | Reached ** piety under Okawaru
 10345 | D:10     | Reached skill level 10 in Fighting
 10345 | D:10     | Reached skill level 10 in Armour
 10345 | D:10     | Reached skill level 10 in Shields
 10411 | D:10     | Found a hazy altar of Hepliaklqana.
 10550 | D:10     | Found a glowing golden altar of the Shining One.
 10663 | Lair:1   | Entered Level 1 of the Lair of Beasts
 10832 | Lair:1   | Reached *** piety under Okawaru
 11010 | Lair:1   | Reached **** piety under Okawaru
 11320 | Lair:1   | Reached XP level 12. HP: 54/80 MP: 12/12
 11349 | Lair:1   | Reached ***** piety under Okawaru
 11539 | Lair:1   | Reached skill level 10 in Maces & Flails
 11772 | Lair:1   | Received a gift from Okawaru
 12050 | Lair:2   | Found a staircase to the Snake Pit.
 12292 | Lair:2   | Noticed a four-headed hydra
 12301 | Lair:2   | Killed a four-headed hydra
 12325 | Lair:2   | You fall into a shaft and drop 2 floors!
 12597 | Lair:2   | Found a staircase to the Swamp.
 12961 | Lair:3   | Received a gift from Okawaru
 12982 | Lair:3   | Identified the +1 helmet "Ducul" {Regen+}
 12999 | Lair:3   | Noticed a boulder beetle
 13021 | Lair:3   | Killed a boulder beetle
 13031 | Lair:3   | Found a transporter.
 13033 | Lair:3   | Found a transporter.
 13034 | Lair:3   | Noticed a boulder beetle
 13034 | Lair:3   | Noticed a boulder beetle
 13056 | Lair:3   | Noticed a five-headed hydra
 13062 | Lair:3   | Killed a five-headed hydra
 13341 | Lair:3   | Identified the +1 robe of Uvviag Gann {rF+ rN+ Slay-3 SInv}
 13792 | Lair:4   | Reached XP level 13. HP: 58/86 MP: 13/13
 14163 | Lair:4   | Found a runed translucent door.
 14165 | Lair:4   | Noticed Zoekh's ghost (journeyman DsCK)
 14413 | Lair:5   | Entered Level 5 of the Lair of Beasts
 14538 | Lair:5   | Found a viscous altar of Jiyva.
 14538 | Lair:5   | Found a staircase to the Slime Pits.
 14763 | Lair:5   | Received a gift from Okawaru
 14763 | Lair:5   | Found the +2 cloak of the Thief {*Fog Slay-2 SInv Stlth+}
 15079 | Lair:5   | Reached ****** piety under Okawaru
 15405 | Lair:5   | Gained mutation: Your large and strong wings let you fly.
                  | [Gargoyle growth]
 15405 | Lair:5   | Reached XP level 14. HP: 84/94 MP: 14/14
 15415 | Lair:5   | Received a gift from Okawaru
 15481 | Lair:5   | Found a corrupted altar of Lugonu.
 15481 | Lair:5   | Found a one-way gate to the infinite horrors of the Abyss.
 15488 | Lair:5   | Got the Atlas of Akashic Causimancy
 16168 | Orc:1    | Entered Level 1 of the Orcish Mines
 16273 | Orc:2    | Entered Level 2 of the Orcish Mines
 16645 | Orc:2    | Found a dark tunnel.
 16680 | Volcano  | Entered a volcano
 17423 | Orc:2    | Identified the +5 fire dragon scales "Mefuut" {rF++ rC-
                  | Int+3} (Okawaru gifted it to you on level 2 of the Orcish
                  | Mines)
 17423 | Orc:2    | Received a gift from Okawaru
 17964 | Orc:2    | Found a staircase to the Elven Halls.
 18069 | Orc:2    | Paralysed by an orc sorcerer for 4 turns
 18070 | Orc:2    | HP: 4/96 [orc knight/+0 great sword (29)]
 18070 | Orc:2    | Slain by an orc knight

Illustrated notes

Levels and vault maps discovered:
D:1:      lightli_iron_boxes, layout_basic
D:2:      layout_rooms, nrook_mini_backslash
D:3:      gammafunk_wand_slinger, layout_basic, nicolae_ru_path_of_blood,
          general_overflow_altar, mainiacjoe_overflow_catwalk,
          basic_ecumenical_altar, uniq_terence
D:4:      nicolae_BIG_FREAKIN_CUBE, layout_basic, mainiacjoe_overflow_paths,
          ashenzari_conservatory_becter, minmay_misc_feat_five, st_stairs_7,
          serial_park_tiny_1, uniq_pikel
D:5:      layout_basic, uniq_sigmund
D:6:      layout_loops_ring, nicolae_overflow_crystal_walls,
          mainiacjoe_overflow_alcove_4, temple_green, uniq_grinder
D:7:      layout_loops_cross, serial_undead, serial_undead_f, serial_undead_c,
          serial_undead_e, serial_undead_d, minivault_19
D:8:      layout_basic, kennysheep_mini, kennysheep_mini_moat,
          amethyst_overflow_temple_binary
D:9:      layout_layer_cave, nicolae_uskayaw_dance_studio
D:10:     layout_rooms, tso_oasis_becter, nicolae_overflow_hidden_temple,
          erik_lair_orcish_takeover, david_orc_3
Temple:   nicolae_temple_ecumenical_triangle
Lair:1:   layout_chaotic_city, grunt_megastairs_4
Lair:2:   layout_chaotic_city, swamp_mist, guppyfry_snake_entry_island
Lair:3:   gammafunk_boulding_lane, layout_chaotic_city, st_stairs_4,
          chequers_serial_rivers_micro_a, nzn_sisyphean_effort
Lair:4:   layout_misc_corridors, serial_bayou, serial_bayou_pond_c,
          serial_bayou_pond_a, serial_bayou_crossing, serial_bayou_lagoon_a,
          serial_bayou_lake_a, serial_bayou_pond_b, ebering_ghost_inner_flame
Lair:5:   hellmonk_lair_end_abyssal_woods, layout_regular_city,
          nicolae_slime_entry_field_trip, amcnicky_mini_pool_medium,
          lemuel_fruit_fields, lemuel_fruit_fields
Orc:1:    layout_caves
Orc:2:    grunt_orc_tribal_feast, layout_diamond_mine, enter_volcano_3

Skill      XL: |  1  2  3  4  5  6  7  8  9 10 11 12 13 14 |
---------------+-------------------------------------------+-----
Fighting       | 4 5 7 8 9 11 12 13 14 | 14.1
Armour         | 4 5 7 8 9 10 12 13 14 | 14.1
Shields        | 4 5 6 8 9 11 12 13 14 | 14.1
Maces & Flails | 3 4 5 7 8 9 11 12 | 12.8

Action                     |  1- 3 |  4- 6 |  7- 9 | 10-12 | 13-15 || total
---------------------------+-------+-------+-------+-------+-------++-------
  Melee: Flail             |   146 |   182 |   234 |   654 |   857 ||  2073
         Morningstar       |       |       |    63 |    79 |       ||   142
  Throw: Dart              |       |     2 |     4 |     3 |       ||     9
 Invoke: Heroism           |       |       |       |       |     5 ||     5
  Evoke: Wand              |       |       |       |    12 |       ||    12
    Use: Scroll            |       |     5 |    12 |     8 |     1 ||    26
         Potion            |       |       |       |       |     7 ||     7
 Armour: Scale mail        |    82 |    24 |       |       |       ||   106
         Chain mail        |       |    47 |    39 |   416 |   442 ||   944
         Ring mail         |       |       |    80 |    29 |       ||   109
         Plate armour      |       |       |       |       |   191 ||   191
  Dodge: Dodged            |    89 |   101 |   195 |   552 |   571 ||  1508
  Block: Buckler           |    38 |    29 |    70 |   269 |   309 ||   715

Table legend: (Time is in decaauts)
 A = Elapsed time spent in this place.
 B = Non-inter-level travel time spent in this place.
 C = Inter-level travel time spent in this place.
 D = Time resting spent in this place.
 E = Time spent auto-exploring this place.
 F = Levels seen in this place.
 G = Mean time per level.
                   A        B        C        D        E       F      G
               +--------+--------+--------+--------+--------+-----+--------+
         Total |  18172 |  17505 |    667 |   2109 |  10830 |  19 |  956.4 |
       Dungeon |  10962 |  10533 |    429 |   1581 |   6683 |  10 | 1096.2 |
        Temple |     45 |     45 |      0 |      0 |     21 |   1 |   45.0 |
          Lair |   5326 |   5194 |    132 |    403 |   3340 |   5 | 1065.2 |
  Orcish Mines |   1643 |   1539 |    104 |    125 |    658 |   2 |  821.5 |
       Volcano |    194 |    194 |      0 |      0 |    128 |   1 |  194.0 |
               +--------+--------+--------+--------+--------+-----+--------+

Top non-repeatable levels by time:
     D:9: 1720 daAuts
     D:4: 1669 daAuts
  Lair:5: 1542 daAuts
     D:3: 1258 daAuts
   Orc:2: 1228 daAuts
  Lair:1: 1181 daAuts
     D:8: 1174 daAuts
  Lair:4: 1135 daAuts
     D:1: 1062 daAuts
     D:6: 1021 daAuts
     D:7: 925 daAuts
     D:5: 857 daAuts
  Lair:3: 755 daAuts
    D:10: 728 daAuts
  Lair:2: 711 daAuts
